 Dungeon Crawl Stone Soup version 0.22-a0-161-g198051c (webtiles) character file.

144 b5mith the Poker (level 5, -3/42 HPs)
             Began as a Human Berserker on Feb 10, 2018.
             Was a Believer of Trog.
             Killed from afar by an orc wizard (7 damage)
             ... with a magic dart
             ... on level 4 of the Dungeon.
             The game lasted 00:12:32 (2121 turns).

b5mith the Poker (Human Berserker)                  Turns: 2121, Time: 00:12:33

Health: -3/42      AC:  7    Str: 19    XL:     5   Next: 52%
Magic:  5/5        EV: 10    Int:  8    God:    Trog [**....]
Gold:   91         SH:  0    Dex: 13    Spells: 4/4 levels left

rFire    . . .     SeeInvis .   a - +0 spear
rCold    . . .     Gourm    .   (no shield)
rNeg     . . .     Faith    .   m - +0 scale mail
rPois    .         Spirit   .   r - +1 hat
rElec    .         Reflect  .   (no cloak)
rCorr    .         Harm     .   (no gloves)
MR       .....                  (no boots)
Stlth    ..........             g - amulet of magic regeneration
HPRegen  0.14/turn              q - +2 ring of strength
MPRegen  0.34/turn              (no ring)

@: berserk cooldown, slowed, very slow
A: no striking features
a: Berserk, Trog's Hand, Burn Spellbooks, Renounce Religion


You were on level 4 of the Dungeon.
You worshipped Trog.
Trog was pleased with you.
You were hungry.

You visited 1 branch of the dungeon, and saw 4 of its levels.

You collected 91 gold pieces.

Inventory:

Hand Weapons
 a - a +0 spear (weapon)
 b - a +0 hunting sling
 f - a +1 whip of venom
Missiles
 d - 17 sling bullets
Armour
 h - a +0 animal skin
 m - a +0 scale mail (worn)
 r - a +1 hat (worn)
Jewellery
 g - an amulet of magic regeneration (around neck)
 q - a +2 ring of strength (left hand)
Scrolls
 e - a scroll of enchant weapon {unknown}
 i - a scroll of remove curse
 k - a scroll of identify {unknown}
 l - a scroll of amnesia {unknown}
 t - a scroll of magic mapping {unknown}
 u - a scroll of blinking {unknown}
 v - a scroll of noise {unknown}
Potions
 s - 2 potions of ambrosia
Comestibles
 c - 2 rations


   Skills:
 + Level 3.7 Fighting
 * Level 4.2 Polearms
 + Level 2.0 Slings
 + Level 2.4 Armour
 + Level 2.4 Dodging
 + Level 0.3 Stealth


You had 4 spell levels left.
You didn't know any spells.

Dungeon Overview and Level Annotations

Branches:
Dungeon (4/15)
 Temple: D:4-7

Altars:
Kikubaaqudgha
Vehumet
The Shining One

Annotations:
D:3 lepoulpe303's ghost, amateur MfIE


Message History

The orc wizard hits you but does no damage. x2
You barely miss the orc wizard.
The orc wizard gestures wildly while chanting.
The orc wizard blinks!
The orc wizard gestures at you while chanting.
The magic dart hits you!
* * * LOW HITPOINT WARNING * * *
You feel less wooden.
Your +1 hat unmelds from your body.
Your +0 scale mail unmelds from your body.
The orc wizard casts a spell at you. You resist with some effort.
The orc wizard gestures wildly while chanting.
The orc wizard blinks!
e - a scroll labeled KIAF SOMUFI
Things that are here:
a club; an orc corpse The orc wizard casts a spell at you.
The magic dart hits you!
You die...

.......<#.#
.#.#....#.#
#...o#.######
#.......).=.#
#....#.####o#
#..#.#... #.#
#....#.##.#.#
#....### #.#
...... #@#
.#.#### #.#
.... ...
#####


You could see an orc wizard.

Vanquished Creatures
  2 orc priests (D:4)
  An adder (D:4)
  A worm (D:2)
  A dart slug (D:1)
  3 leopard geckos
  4 orcs
  5 bats
  3 giant cockroaches
  10 goblins
  2 hobgoblins
  10 jackals
  7 kobolds
  A quokka (D:2)
  A ball python (D:1)
  4 frilled lizards
  7 rats
62 creatures vanquished.

Notes
Turn   | Place    | Note
-------+----------+-------------------------------------------
     0 | D:1      | b5mith the Human Berserker began the quest for the Orb.
     0 | D:1      | Reached XP level 1. HP: 18/18 MP: 1/1
   107 | D:1      | Reached XP level 2. HP: 19/24 MP: 2/2
   323 | D:1      | Reached XP level 3. HP: 23/29 MP: 3/3
   853 | D:2      | Reached ** piety under Trog
  1207 | D:2      | Found an ancient bone altar of Kikubaaqudgha.
  1390 | D:2      | Reached XP level 4. HP: 35/35 MP: 4/4
  1596 | D:3      | Found a radiant altar of Vehumet.
  1606 | D:3      | Found a glowing golden altar of the Shining One.
  1681 | D:3      | Reached skill level 1 in Slings
  1831 | D:3      | Noticed lepoulpe303's ghost (amateur MfIE)
  2099 | D:4      | HP: 1/78 [orc priest/club (4)]
  2101 | D:4      | Reached skill level 4 in Polearms
  2101 | D:4      | Reached XP level 5. HP: 1/41 MP: 5/5
  2114 | D:4      | HP: 3/63 [orc wizard/magic dart (1)]
  2121 | D:4      | Killed from afar by an orc wizard

Vault maps used:
D:1:      eino_arrival_cavern_a
D:2:      kiku_gazebo_garden_becter, first_ration
D:3:      marbit_many_paths, amethyst_overflow_temple_binary,
          gup_sewer_entry_bowl
D:4:      gammafunk_wand_slinger, kennysheep_mini_moat,
          minmay_temple_entry_statues_pillars, fedhas_altar_4

Skill      XL: |  1  2  3  4  5 |
---------------+----------------+-----
Slings         | 1 2 |  2.0
Polearms       | 4 |  4.2
Fighting       | |  3.7
Armour         | |  2.4
Dodging        | |  2.4
Stealth        | |  0.3

Action                   |  1- 3 |  4- 6 || total
-------------------------+-------+-------++-------
Melee: Spear             |   111 |   111 ||   222
 Fire: Hunting sling     |    42 |    23 ||    65
  Use: Scroll            |     1 |     2 ||     3
       Potion            |       |     5 ||     5
  Eat: Ration            |     1 |       ||     1
Armor: Animal skin       |     7 |       ||     7
       Scale mail        |    20 |    34 ||    54
       Skin              |       |    22 ||    22
Dodge: Dodged            |    63 |    54 ||   117

Table legend:
 A = Spawn XP
 B = Non-spawn XP
 C = Spawn XP percentage of total XP
 D = Spawn monster count
 E = Non-spawn monster count
 F = Spawn count percentage of total count
 G = Total turns spent on level
                    A         B        C        D         E        F      G
               +---------+---------+-------+---------+---------+-------+---------
         Total |       0 |     207 |   0.0 |       0 |      62 |   0.0 |  2121
               +---------+---------+-------+---------+---------+-------+---------
           D:1 |       0 |      38 |   0.0 |       0 |      21 |   0.0 |   823
           D:2 |       0 |      34 |   0.0 |       0 |      17 |   0.0 |   723
           D:3 |       0 |      35 |   0.0 |       0 |      19 |   0.0 |   329
           D:4 |       0 |     100 |   0.0 |       0 |       5 |   0.0 |   246
               +---------+---------+-------+---------+---------+-------+---------
